 Dungeon Crawl Stone Soup version 0.28-a0-258-g8de209e91f (webtiles) character file.

Game seed: 14835674807036656874

3087 graki42 the Cutter (level 9, -4/64 HPs)
             Began as an Octopode Berserker on Aug 26, 2021.
             Was a Priest of Trog.
             Slain by a hornet (14 damage)
             ... on level 7 of the Dungeon.
             The game lasted 00:16:41 (7665 turns).

graki42 the Cutter (Octopode Berserker)             Turns: 7665, Time: 00:16:42

Health: -4/64      AC:  1    Str: 16      XL:     9   Next: 89%
Magic:  9/9        EV: 16    Int:  9      God:    Trog [***...]
Gold:   386        SH:  0    Dex: 14 (15) Spells: 8/8 levels left

rFire   + . .      SeeInvis .   h - +0 dagger (elec)
rCold   . . .      Faith    .   (no shield)
rNeg    . . .      Spirit   .   (helmet restricted)
rPois   .          Reflect  .   (no amulet)
rElec   .          Harm     .   D - ring of protection from fire
rCorr   .          Rampage  .   (no ring)
Will    .....                   (no ring)
Stlth   +++.......              (no ring)
HPRegen 0.20/turn               (no ring)
MPRegen 0.11/turn               (no ring)
                                (no ring)
                                (no ring)

@: brilliant, lethally poisoned (-4 -> -9), on berserk cooldown, slowed, unable
to read, very slow
A: almost no armour, amphibious, 8 rings, camouflage 1, gelatinous body 1,
(nimble swimmer 1), tentacles, deterioration 1, screaming 1, inability to read
while threatened
a: Renounce Religion, Berserk, Trog's Hand


You were on level 7 of the Dungeon.
You worshipped Trog.
Trog was most pleased with you.
You visited 1 branch of the dungeon, and saw 7 of its levels.
You also visited: Ossuary.

You collected 386 gold pieces.

Inventory:

Hand Weapons
 f - a +2 short sword of draining
 h - a +0 dagger of electrocution (weapon)
 q - a +1 dagger of venom
 y - a +2 dagger of freezing
Missiles
 r - 5 boomerangs (quivered)
Jewellery
 p - a ring of willpower
 D - a ring of protection from fire (left tentacle)
Wands
 j - a wand of flame (36)
Scrolls
 a - 2 scrolls of noise {unknown}
 b - a scroll of fog
 k - a scroll of vulnerability
 l - 3 scrolls of teleportation
 n - a scroll of immolation {unknown}
 u - 3 scrolls of amnesia {unknown}
 v - a scroll of brand weapon {unknown}
 z - a scroll of fear {unknown}
 A - a scroll of holy word {unknown}
 B - a scroll of silence {unknown}
 E - a scroll of enchant armour {unknown}
Potions
 c - a potion of invisibility {unknown}
 d - 3 potions of curing
 e - 2 potions of lignification {unknown}
 g - 2 potions of magic
 i - 3 potions of attraction
 m - a potion of ambrosia
 o - 2 potions of degeneration {unknown}
 s - a potion of resistance
 C - a potion of mutation


   Skills:
 + Level 7.4 Fighting
 + Level 7.4 Short Blades
 + Level 7.4 Dodging
 - Level 1.1 Stealth
 + Level 7.0 Evocations


You had 8 spell levels left.
You didn't know any spells.
Your spell library contained the following spells:

 Spells                   Type           Power      Damage    Failure   Level
 Magic Dart               Conj           0%         1d3       38%         1
 Shock                    Conj/Air       0%         1d3       38%         1
 Blink                    Tloc           N/A        N/A       52%         2
 Call Imp                 Summ           0%         N/A       52%         2
 Lesser Beckoning         Tloc           0%         N/A       77%         3
 Mephitic Cloud           Conj/Pois/Air  0%         N/A       77%         3
 Swiftness                Air            0%         N/A       77%         3
 Airstrike                Air            0%         N/A       99%         4
 Manifold Assault         Tloc           0%         N/A       100%        5


Dungeon Overview and Level Annotations

Branches:
Dungeon (7/15)             Temple (0/1) D:5         Ossuary (visited)

Altars:
Cheibriados
Nemelex Xobeh
Qazlal
Ru
Sif Muna

Annotations:
D:7 2 transporters, MoonlitKnight's ghost, novice MfGl


Innate Abilities, Weirdness & Mutations

You cannot wear most types of armour.
You are amphibious.
You can wear up to eight rings at the same time.
Your skin changes colour to match your surroundings (Stealth+).
Your rubbery body absorbs attacks. (AC +1, EV +1)
((You are camouflaged near water. (Stealth+)))
You have tentacles for arms and can constrict up to eight enemies at once.
Your body sometimes deteriorates upon taking damage.
You occasionally shout uncontrollably at your foes.
You sometimes lose the ability to read scrolls when taking damage.


Message History

The hornet buzzes angrily.
It was a potion of mutation.
You feel extremely strange.
You lose the ability to read scrolls when threatened.
You feel the urge to shout.
You feel yourself wasting away. The hornet misses you. x2
Unknown command.
You barely miss the hornet. Your grab misses the hornet.
You squeeze the hornet.
The hornet is lightly wounded.
The hornet stings you!
You feel threatened and lose the ability to read scrolls!
Your body deteriorates!
You feel clumsy.
You feel as though you will be slow longer.
You closely miss the hornet. Your grab misses the hornet.
The hornet is lightly wounded.
The hornet stings you!
* * * LOW HITPOINT WARNING * * *
You are poisoned.
You feel as though you will be slow longer.
Unknown command.
It was a potion of heal wounds.
You feel much better.
You feel very sick. The hornet completely misses you.
The centaur zombie misses you. The centaur zombie kicks you.
The hornet stings you!
You feel as though you will be slow longer.
The centaur zombie hits you.
* * * LOW HITPOINT WARNING * * *
The centaur zombie barely misses you. The hornet misses you.
You cannot read scrolls in your current state!
Unknown command.
It was a potion of brilliance.
You feel clever all of a sudden.
You feel very sick. The centaur zombie hits you.
* * * LOW HITPOINT WARNING * * *
The centaur zombie kicks you but does no damage.
The hornet misses you. The centaur zombie closely misses you.
The centaur zombie completely misses you.
The hornet stings you!
You die...

#. ..
..###.###
.......#
#..>..#
#....#
#....#
#....#
#..Zy#
#...@#
######


You could see a hornet and a centaur zombie.

Vanquished Creatures
  Prince Ribbit (D:5)
  A wyvern (D:7)
  A water moccasin (D:6)
  An orc warrior (D:7)
  An ice beast (D:6)
  4 black bears
  2 necrophages
  An ogre (D:6)
  A phantom (D:4)
  The ghost of eljoo the Stinger, an amateur DsVM (D:3)
  3 elf zombies (Ossuary)
  Blork the orc (D:4)
  2 elf skeletons (D:4)
  A scorpion (D:6)
  A gnoll sergeant (D:7)
  2 water moccasin skeletons
  3 wights (D:6)
  4 centaur zombies
  6 human zombies (Ossuary)
  2 orc priests (D:3)
  2 bullfrog skeletons (D:5)
  A hound (D:5)
  2 centaur skeletons
  An iguana (D:4)
  A human skeleton (D:4)
  A scorpion zombie (D:5)
  Natasha (twice) (D:4)
  4 orc wizards
  3 mummies (Ossuary)
  3 gnolls (D:7)
  8 adders
  A worm (D:2)
  A dart slug (D:2)
  8 orcs
  9 endoplasms
  A giant cockroach (D:4)
  3 goblins (D:2)
  7 hobgoblins
  2 jackals (D:2)
  7 kobolds
  5 quokkas
  7 ball pythons
  3 bats
  3 frilled lizards
  2 orc skeletons (D:4)
  An orc zombie (D:4)
  2 rats
129 creatures vanquished.

Notes
Turn   | Place    | Note
-------+----------+-------------------------------------------
     0 | D:1      | graki42 the Octopode Berserker began the quest for the Orb.
     0 | D:1      | Reached XP level 1. HP: 16/16 MP: 1/1
     1 | D:1      | Noticed an electric eel
   181 | D:1      | Found a faded altar of an unknown god.
   497 | D:1      | Reached XP level 2. HP: 11/21 MP: 2/2
   896 | D:2      | Reached skill level 1 in Stealth
   933 | D:2      | Reached XP level 3. HP: 25/26 MP: 3/3
  1464 | D:2      | Reached XP level 4. HP: 25/32 MP: 4/4
  1625 | D:2      | Reached ** piety under Trog
  2141 | D:3      | Found a shimmering blue altar of Sif Muna.
  2141 | D:3      | Found a stormy altar of Qazlal.
  2192 | D:3      | Found a runed translucent gate.
  2195 | D:3      | Found a runed translucent gate.
  2195 | D:3      | Found a runed translucent gate.
  2195 | D:3      | Noticed eljoo's ghost (amateur DsVM)
  2200 | D:3      | Killed eljoo's ghost
  2201 | D:3      | Reached skill level 1 in Evocations
  2201 | D:3      | Reached XP level 5. HP: 37/37 MP: 5/5
  2274 | D:3      | Found a snail-covered altar of Cheibriados.
  2405 | D:3      | Reached XP level 6. HP: 37/43 MP: 6/6
  3024 | D:4      | Found a sand-covered staircase.
  3031 | Ossuary  | Entered an ossuary
  3186 | Ossuary  | Reached XP level 7. HP: 44/49 MP: 7/7
  3357 | Ossuary  | Reached skill level 5 in Short Blades
  3364 | Ossuary  | Reached skill level 5 in Fighting
  3368 | Ossuary  | Reached skill level 5 in Dodging
  3516 | Ossuary  | Reached XP level 8. HP: 31/55 MP: 8/8
  3898 | D:4      | Reached *** piety under Trog
  4330 | D:4      | Noticed Blork the orc
  4336 | D:4      | Killed Blork the orc
  4551 | D:4      | You fall into a shaft and drop 3 floors!
  4567 | D:7      | Reached skill level 5 in Evocations
  4572 | D:7      | Noticed a wraith
  4574 | D:7      | Found a transporter.
  4574 | D:7      | Noticed MoonlitKnight's ghost (novice MfGl)
  4579 | D:7      | Found a transporter.
  4591 | D:7      | Noticed a hornet
  4728 | D:5      | Entered Level 5 of the Dungeon
  4905 | D:5      | Noticed Prince Ribbit
  4914 | D:5      | Killed Prince Ribbit
  5130 | D:4      | Noticed Natasha
  5135 | D:4      | Killed Natasha
  5140 | D:4      | Identified the +3 flail of the Fray {vamp, *Corrode rC-
                  | Int+8 SInv}
  5231 | D:4      | Reached XP level 9. HP: 28/63 MP: 9/9
  5586 | D:4      | Noticed Natasha
  5597 | D:4      | Killed Natasha
  5954 | D:5      | Found a staircase to the Ecumenical Temple.
  6239 | D:5      | Found a sacrificial altar of Ru.
  6293 | D:5      | Found a sparkling altar of Nemelex Xobeh.
  7661 | D:7      | Gained mutation: You sometimes lose the ability to read
                  | scrolls when taking damage. [potion of mutation]
  7661 | D:7      | Gained mutation: You occasionally shout uncontrollably at
                  | your foes. [potion of mutation]
  7661 | D:7      | Gained mutation: Your body sometimes deteriorates upon
                  | taking damage. [potion of mutation]
  7665 | D:7      | Slain by a hornet

Illustrated notes

Levels and vault maps discovered:
D:1:      arrival_aquarium_a, layout_rooms, shapermc_ecumenical_altar_pompeii,
          hex_tiny, minmay_strange_pillars
D:2:      layout_loops_cross, grunt_ministairs_10, minmay_misc_feat_tower
D:3:      layout_loops_ring, mainiacjoe_overflow_concentric_impassable,
          chequers_temple_overflow_statue_of_worship, ebering_ghost_rock_garden,
          chequers_serial_rivers_micro_e
D:4:      layout_loops_corners, nicolae_ossuary_entry_catacombs,
          corexii_checkpoint_a, chequers_serial_rivers_micro_a,
          mrwooster_statue_mirror, uniq_natasha, uniq_blork_the_orc
D:5:      layout_basic, nemelex_spade_bored_becter,
          nicolae_ru_the_path_less_chosen, minmay_temple_entry_mini_moons,
          uniq_prince_ribbit1
D:6:      layout_basic
D:7:      layout_rooms, gammafunk_ghost_mausoleum

Skill      XL: |  1  2  3  4  5  6  7  8  9 |
---------------+----------------------------+-----
Stealth        | 1 |  1.1
Fighting       | 4 5 6 7 |  7.4
Short Blades   | 4 5 6 7 |  7.4
Evocations     | 1 2 3 4 5 7 |  7.0
Dodging        | 4 5 6 7 |  7.4

Action                   |  1- 3 |  4- 6 |  7- 9 || total
-------------------------+-------+-------+-------++-------
Melee: Short sword       |    33 |       |       ||    33
       Tentacles         |     7 |    20 |    71 ||    98
       Dagger            |    13 |    88 |   241 ||   342
       Constrict         |     7 |    17 |    43 ||    67
Invok: Berserk           |       |     1 |     6 ||     7
  Use: Scroll            |       |     3 |     5 ||     8
       Potion            |       |       |     5 ||     5
 Stab: Sleeping          |     8 |    10 |    10 ||    28
Armor: Skin              |     1 |     4 |     7 ||    12
Dodge: Dodged            |    20 |    32 |   140 ||   192

Table legend: (Time is in decaauts)
 A = Elapsed time spent in this place.
 B = Non-inter-level travel time spent in this place.
 C = Inter-level travel time spent in this place.
 D = Time resting spent in this place.
 E = Time spent auto-exploring this place.
 F = Levels seen in this place.
 G = Mean time per level.
                   A        B        C        D        E       F      G
               +--------+--------+--------+--------+--------+-----+--------+
         Total |   7632 |   7424 |    208 |   1629 |   4612 |   8 |  954.0 |
       Dungeon |   6979 |   6771 |    208 |   1135 |   4612 |   7 |  997.0 |
       Ossuary |    653 |    653 |      0 |    494 |      0 |   1 |  653.0 |
               +--------+--------+--------+--------+--------+-----+--------+

Top non-repeatable levels by time:
     D:4: 1675 daAuts
     D:5: 1272 daAuts
     D:2: 1080 daAuts
     D:1: 878 daAuts
     D:3: 857 daAuts
     D:6: 857 daAuts
 Ossuary: 653 daAuts
     D:7: 356 daAuts
